 Dungeon Sprint DCSS version 0.30.1-4-g462c640d31 (webtiles) character file.

Game seed: 5241347034787620563

25 Heoruswealwe the Shield-Bearer (level 3, -17/31 HPs)
             Began as a Formicid Fighter on Aug 22, 2023.
             Demolished by an ogre
             ... wielding a +0 giant spiked club
              (21 damage)
             ... in the Dungeon (Sprint I: "Red Sonja").
             The game lasted 00:01:15 (63 turns).

Heoruswealwe the Shield-Bearer (Formicid Fighter)     Turns: 63, Time: 00:01:15

Health: -17/31     AC:  7    Str: 22    XL:     3   Next: 17%
Magic:  3/3        EV:  9    Int:  7    God:
Gold:   0          SH:  5    Dex: 13    Spells: 2/2 levels left

rFire   . . .        a - +0 trident
rCold   . . .        c - +0 buckler
rNeg    . . .        b - +0 scale mail
rPois   .            (helmet unavailable)
rElec   .            (no cloak)
rCorr   .            (no gloves)
SInv    +            (no boots)
Will    .....        (no amulet) Stlth
                     (no ring)
HPRegen 0.25/turn    (no ring)
MPRegen 0.08/turn

%: no passive effects
@: no status effects
A: permanent stasis, dig shafts and tunnels, antennae 3, four strong arms
a: Dig


You were in the Dungeon.
You visited 1 branch

Inventory:

Hand Weapons
 a - a +0 trident (weapon)
Armour
 b - a +0 scale mail (worn)
 c - a +0 buckler (worn)
Wands
 i - a wand of mindburst (5)
Scrolls
 h - a scroll of blinking
Potions
 d - a potion of might
 e - a potion of curing
 f - a potion of heal wounds


   Skills:
 + Level 4.7 Fighting
 + Level 2.8 Polearms
 + Level 4.6 Armour
 + Level 5.7 Shields


You had 2 spell levels left.
You didn't know any spells.
Your spell library was empty.

Dungeon Overview and Level Annotations

Branches:
Dungeon (1/1)

Altars:


Innate Abilities, Weirdness & Mutations

You cannot be hasted, slowed, berserked, paralysed or teleported.
You can dig through walls and to a lower floor.
You have a pair of large antennae on your head. (SInv)
Your four strong arms can wield two-handed weapons with a shield.


Message History

You have reached level 3!
Your experience leads to an increase in your attributes!
Increase (S)trength, (I)ntelligence, or (D)exterity?
You feel stronger. x2
i - a wand of mindburst (5)
There is an open door, spattered with blood here.
Things that are here:
a +0 dagger; a +0 leather armour; the goblin corpse of Ijyb You drop 2 potions of magic.
You start resting.
HP restored.
Okay, then.
There is an open door, spattered with blood here.
Items here: ! ) [ †.
You open the door.
An ogre comes into view. It is wielding a +0 giant spiked club.
Reach: a) +0 trident
Press: ? - help, Dir - move target, f - ogre
Aim: an ogre, wielding a +0 giant spiked club (about 26% to evade your +0 trident)
You reach to attack!
You puncture the ogre!
The ogre is moderately wounded.
The ogre hits you with a +0 giant spiked club!
Ouch! That really hurt!
You hit the ogre.
The ogre is heavily wounded.
You barely miss the ogre.
The ogre is heavily wounded.
The ogre hits you with a +0 giant spiked club.
You puncture the ogre!
The ogre is severely wounded.
The ogre closely misses you.
You closely miss the ogre.
The ogre is severely wounded.
The ogre hits you with a +0 giant spiked club!
* * * LOW HITPOINT WARNING * * *
You hit the ogre.
The ogre is almost dead.
The ogre hits you with a +0 giant spiked club!!
Ouch! That really hurt!
You die...

##########
#<.#.@O..#
{
#..!..#..+
#..#### +#
#..# #..#
#..# #⌠⌠#
{ ####


You could see an ogre.

Vanquished Creatures
  Ijyb (D)
1 creature vanquished.

Notes
Turn   | Place    | Note
-------+----------+-------------------------------------------
     0 | D        | Heoruswealwe the Formicid Fighter began the quest for the
                  | Orb.
     0 | D        | Reached XP level 1. HP: 18/18 MP: 1/1
     1 | D        | Noticed Ijyb
     9 | D        | Killed Ijyb
    10 | D        | Reached skill level 5 in Shields
    10 | D        | Reached XP level 2. HP: 16/26 MP: 2/2
    10 | D        | Reached XP level 3. HP: 20/31 MP: 3/3
    57 | D        | Noticed an ogre
    63 | D        | Demolished by an ogre

Illustrated notes

Levels and vault maps discovered:
D:        dungeon_sprint_1 [red_sonja_temple_1, red_sonja_temple_small_1]

Skill      XL: |  1 |
---------------+----+-----
Fighting       | 4 |  4.7
Armour         | 4 |  4.6
Shields        | 5 |  5.7
Polearms       | |  2.8

Action                     || total
---------------------------++-------
  Melee: Trident           ||    14
 Armour: Scale mail        ||     1
  Dodge: Dodged            ||     2
  Block: Buckler           ||     2
